 Dungeon Crawl Stone Soup version 0.32-a0-540-g866d13106e (webtiles) character file.

Game seed: 10688675720806473660

69 javelincjr the Changeling (level 4, 0/41 HPs)
             Began as a Troll Shapeshifter on Feb 28, 2024.
             Slain by an adder (3 damage)
             ... on level 2 of the Dungeon.
             The game lasted 00:02:19 (1067 turns).

javelincjr the Changeling (Troll Shapeshifter)      Turns: 1067, Time: 00:02:20

Health: 0/41       AC:  4    Str: 24    XL:     4   Next: 2%
Magic:  3/3        EV: 10    Int:  6    God:
Gold:   81         SH:  0    Dex:  9    Spells: 3/3 levels left

rFire   . . .        k - +0 short sword (vamp)
rCold   . . .        (no shield)
rNeg    . . .        a - +0 animal skin
rPois   .            (helmet currently unavailable)
rElec   .            (cloak currently unavailable)
rCorr   .            (gloves unavailable)
SInv    .            (boots unavailable)
Will    .....        (no amulet)
Stlth   +            (no ring)
HPRegen 1.06/turn    (no ring)
MPRegen 0.08/turn

%: no passive effects
@: lethally poisoned (0 -> -1), beast-form
A: beast (slay +2), large, unfitting armour, claws 3, regeneration 1, shaggy fur
1, tough skin 1
a: Begin Untransformation


You were on level 2 of the Dungeon.
You were a hulking beast.
You visited 1 branch of the dungeon, and saw 2 of its levels.

You collected 81 gold pieces.

Inventory:

Hand Weapons
 k - a +0 vampiric short sword (weapon)
Missiles
 g - 20 stones (quivered)
Armour
 a - a +0 animal skin (worn)
Talismans
 c - a beast talisman (active)
 d - a flux talisman
Scrolls
 f - a scroll of teleportation {unknown}
 h - a scroll of noise {unknown}
 i - 2 scrolls of amnesia {unknown}
Potions
 b - a potion of lignification
 e - a potion of heal wounds {unknown}
 j - a potion of invisibility {unknown}


   Skills:
 + Level 1.4 Fighting
 + Level 2.1 Dodging
 + Level 3.4 Unarmed Combat
 * Level 3.7 Shapeshifting


You had 3 spell levels left.
You didn't know any spells.
Your spell library was empty.

Dungeon Overview and Level Annotations

Branches:
Dungeon (2/15)

Altars:


Innate Abilities, Weirdness & Mutations

You are a hulking beast.
Your limbs bulge with bestial killing power. (Slay +2)
You are too large for most types of armour.
You have claws for hands.
Your natural rate of healing is unusually fast.
You are covered in fur. (AC +1)
You have tough skin. (AC +1)


Message History

The endoplasm freezes you.
You are frozen.
The adder closely misses you.
You hit the adder.
The adder is almost dead.
You feel sick. The adder bites you. The endoplasm freezes you.
You are frozen.
You closely miss the adder.
The adder is almost dead.
You feel sick. The adder bites you.
You are more poisoned.
The adder poisons you! The endoplasm barely misses you. The adder bites you.
You are more poisoned.
The adder poisons you!
You are too injured to fight recklessly!
You are too injured to fight recklessly!
You closely miss the adder.
The adder is almost dead.
You feel very sick. The endoplasm closely misses you. The adder bites you.
You are more poisoned.
The adder poisons you!
You hit the adder.
The adder is almost dead.
You feel very sick. The endoplasm barely misses you. The adder bites you.
* * * LOW HITPOINT WARNING * * *
You barely miss the adder.
The adder is almost dead.
You feel sick. The adder barely misses you.
The endoplasm hits you but does no damage.
The adder barely misses you.
You barely miss the adder.
The adder is almost dead.
You feel very sick. The endoplasm freezes you.
You are frozen.
* * * LOW HITPOINT WARNING * * *
The adder bites you.
You die...

#########
######.......# ..####
#...##.#####.#
......##...##.#####.#
......'....'.>#.....#
#hJ..##.##.####
#..S....##.##....####
#.###...##.###.......
# .....##.##.....†..
#.##+###.##...<###.
#. ..##.##.###. #
#.##. #..... #.
#..##. #.#...##.


You could see an adder and an endoplasm.

Vanquished Creatures
  3 adders (D:2)
  A dart slug (D:1)
  3 bats (D:1)
  5 endoplasms
  3 hobgoblins
  4 jackals (D:1)
  2 quokkas (D:1)
  6 ball pythons
  3 frilled lizards
  4 goblins
  2 kobolds (D:2)
  A rat (D:1)
37 creatures vanquished.

Notes
Turn   | Place    | Note
-------+----------+-------------------------------------------
     0 | D:1      | javelincjr the Troll Shapeshifter began the quest for the
                  | Orb.
     0 | D:1      | Reached XP level 1. HP: 18/18 MP: 0/0
   124 | D:1      | Reached skill level 1 in Fighting
   152 | D:1      | Reached XP level 2. HP: 27/27 MP: 1/1
   217 | D:1      | Found a faded altar of an unknown god.
   350 | D:1      | Reached XP level 3. HP: 33/33 MP: 2/2
  1015 | D:2      | Reached XP level 4. HP: 33/41 MP: 3/3
  1067 | D:2      | Slain by an adder

Illustrated notes

Levels and vault maps discovered:
D:1:      orjb1_lava_funnel, layout_loops_ring, basic_ecumenical_altar,
          minmay_misc_feat_encased, corexii_item_surrounded_by_moat
D:2:      layout_basic, basic_altar, uniq_terence

Skill      XL: |  1  2  3 |
---------------+----------+-----
Fighting       | 1 |  1.4
Dodging        | 2 |  2.1
Unarmed Combat | |  3.4
Shapeshifting  | |  3.7

Action                     |  1- 3 |  4- 6 || total
---------------------------+-------+-------++-------
  Melee: Unarmed           |    56 |       ||    56
         Short sword       |    51 |    24 ||    75
 Armour: Animal skin       |    60 |    23 ||    83
  Dodge: Dodged            |    47 |    19 ||    66

Table legend: (Time is in decaauts)
 A = Elapsed time spent in this place.
 B = Non-inter-level travel time spent in this place.
 C = Inter-level travel time spent in this place.
 D = Time resting spent in this place.
 E = Time spent auto-exploring this place.
 F = Levels seen in this place.
 G = Mean time per level.
                   A        B        C        D        E       F      G
               +--------+--------+--------+--------+--------+-----+--------+
         Total |   1063 |   1037 |     26 |      0 |    797 |   2 |  531.5 |
       Dungeon |   1063 |   1037 |     26 |      0 |    797 |   2 |  531.5 |
               +--------+--------+--------+--------+--------+-----+--------+

Top non-repeatable levels by time:
     D:1: 708 daAuts
     D:2: 354 daAuts
